 Dungeon Crawl Stone Soup version 0.17-a0-802-g1f09329 (webtiles) character file.

1901995 ICantDie the Talismancer (level 27, 248/248 HPs)
             Began as a Deep Dwarf Gladiator on Apr 26, 2015.
             Was the Champion of Makhleb.
             Escaped with the Orb
             ... and 3 runes!
             The game lasted 05:07:15 (63052 turns).

ICantDie the Talismancer (Deep Dwarf Gladiator)    Turns: 63052, Time: 05:07:16

Health: 248/248    AC: 40    Str: 26    XL:     27
Magic:  16/16      EV: 29    Int: 19    God:    Makhleb [******]
Gold:   7018       SH:  0    Dex: 20    Spells: 11 memorised, 25 levels left

rFire  + + +     SeeInvis .     p - +9 battleaxe (antimagic)
rCold  + + .     Clarity  .     y - +7 fire dragon armour
rNeg   + + .     SustAb   .     (no shield)
rPois  +         Gourm    .     M - +1 helmet {Int+3}
rElec  .         Spirit   .     f - +2 cloak {rPois}
rCorr  .         Warding  +     E - +2 pair of gloves {Dex+3}
rMut   .         Stasis   .     U - +1 pair of boots {Fly}
MR     ++++.                    F - brooch of Shielding {Ward rN+ AC+4 EV+4}
Stlth  +++.......               B - ring of Undoing {rC+++ MP+9 Str+3 Dex-5 Stlth+}
                                z - ring of protection from fire

@: brilliant, flying, very slightly contaminated, non-regenerating, hasted, very
quick, incredibly resistant to hostile enchantments, fairly stealthy
A: damage resistance, recharge devices, agile 1, breathe flames 1, negative
energy resistance 1, sense surroundings 3, slow healing 3, wild magic 1
a: Device Recharging, Minor Destruction, Lesser Servant of Makhleb, Major
Destruction, Greater Servant of Makhleb, Renounce Religion, Breathe Fire, Stop
Flying
0: Orb of Zot
}: 3/15 runes: serpentine, barnacled, silver


You escaped.
You worshipped Makhleb.
Makhleb was exalted by your worship.
You were not hungry.

You visited 11 branches of the dungeon, and saw 58 of its levels.
You visited 1 bazaar.
You visited 1 ziggurat, and saw 6 of its levels.
You also visited: Ice Cave and Wizlab.

You collected 12281 gold pieces.
You spent 4012 gold pieces at shops.

Inventory:

Hand weapons
 o - the +8 triple crossbow "Zitif" {freeze, rF- rN+ Dex+9}
   (You bought it in a shop on level 4 of the Vaults)

   It causes projectiles fired from it to freeze those they strike, causing
   extra injury to most foes and up to half again as much damage against
   particularly susceptible opponents.
   They can also slow down cold-blooded creatures.
   It affects your dexterity (+9).
   It makes you vulnerable to fire.
   It protects you from negative energy.
 p - a +9 antimagic battleaxe (weapon)
 I - a +9 battleaxe of freezing
Missiles
 l - 790 bolts
Armour
 f - a +2 cloak of poison resistance (worn)
 y - a +7 fire dragon armour (worn)
 E - a +2 pair of gloves of dexterity (worn)
 M - a +1 helmet of intelligence (worn)
 U - a +1 pair of boots of flying (worn)
Rods
 m - a +4 rod of shadows (11/11)
   (You found it in a wizard's laboratory)
 n - a +7 rod of inaccuracy (12/12)
   (You found it on level 3 of the Elven Halls)
 w - a +5 rod of the swarm (12/12)
   (You found it on level 8 of the Lair of Beasts)
Jewellery
 a - an uncursed amulet of resist mutation
 c - the ring of the Amoeba {rPois rN+ MR+ Int-3 Stlth-}
   (You found it on level 5 of the Vaults)

   [ring of protection from magic]

   It affects your intelligence (-3).
   It protects you from poison.
   It protects you from negative energy.
   It affects your resistance to hostile enchantments.
   It makes you less stealthy.
 i - an uncursed ring of see invisible
 z - a ring of protection from fire (left hand)
 B - the ring of Undoing (right hand) {rC+++ MP+9 Str+3 Dex-5 Stlth+}
   (You found it on level 4 of the Shoals)

   [ring of stealth]

   It affects your strength (+3).
   It affects your dexterity (-5).
   It renders you almost immune to cold.
   It affects your magic capacity (+9).
   It makes you more stealthy.
 D - the ring "Loqemoh" {rElec AC+2 Str+4}
   (You found it on level 2 of a ziggurat)

   [ring of protection]

   It affects your AC (+2).
   It affects your strength (+4).
   It insulates you from electricity.
 F - the brooch of Shielding (around neck) {Ward rN+ AC+4 EV+4}
   (You took it off a centaur on level 5 of the Dungeon)

   [amulet of warding]

   It may prevent the melee attacks of summoned creatures.
   It affects your AC (+4).
   It affects your evasion (+4).
   It protects you from negative energy.
 P - an uncursed ring of teleport control
 R - the ring "Abinweru" {SustAb MR+ Str+2 Int+2 Stlth+}
   (You took it off a deep elf sorcerer on level 3 of the Elven Halls)

   [ring of sustain abilities]

   It sustains your strength, intelligence and dexterity.
   It affects your strength (+2).
   It affects your intelligence (+2).
   It affects your resistance to hostile enchantments.
   It makes you more stealthy.
 T - the cursed ring "Regreytytt" {+Blink rElec rPois rC- Str+5}
   (You found it on level 3 of the Vaults)

   [ring of poison resistance]

   It affects your strength (+5).
   It makes you vulnerable to cold.
   It insulates you from electricity.
   It protects you from poison.
   It lets you blink.
   It has a curse placed upon it.
Magical devices
 e - a wand of heal wounds (4)
 q - a wand of digging (9)
 u - a wand of disintegration (8)
 C - a wand of teleportation (5)
 L - a wand of hasting (6)
 Q - a wand of paralysis (11)
Scrolls
 g - 23 scrolls of identify
 k - 22 scrolls of remove curse
 v - 29 scrolls of teleportation
 A - 4 scrolls of fog
 X - 12 scrolls of recharging
 Y - 5 scrolls of blinking
Potions
 d - 12 potions of restore abilities
 h - 17 potions of curing
 O - 3 potions of cure mutation
 S - 3 potions of resistance
Miscellaneous
 x - a phial of floods
 G - a sack of spiders {used: 3}
 H - a fan of gales (inert)
 J - a lamp of fire (inert)
 K - a disc of storms
 N - a stone of tremors (inert)
Comestibles
 b - 18 meat rations
 s - 20 fruits


   Skills:
 - Level 15.0 Fighting
 - Level 26.4 Axes
 - Level 1.7 Throwing
 - Level 21.3 Armour
 - Level 17.3 Dodging
 + Level 25.9 Stealth
 - Level 11.7 Spellcasting
 - Level 10.0 Charms
 - Level 10.9 Translocations
 - Level 2.0 Air Magic
 O Level 27 Evocations


You had 25 spell levels left.
You knew the following spells:

 Your Spells              Type           Power        Failure   Level  Hunger
a - Control Teleport      Chrm/Tloc      #######...   1%          4    ##.....
b - Passwall              Trmt/Erth      ####......   8%          3    None
c - Swiftness             Chrm/Air       ######..     1%          2    None
d - Repel Missiles        Chrm/Air       ######       1%          2    None
e - Spectral Weapon       Hex/Chrm       ######..     1%          3    None
f - Song of Slaying       Chrm           ######..     1%          2    None
g - Shroud of Golubria    Chrm/Tloc      #######...   1%          2    None
h - Apportation           Tloc           #######...   1%          1    None
i - Summon Butterflies    Summ           ####....     3%          1    None
j - Stoneskin             Trmt/Erth      ####....     4%          2    None
k - Blink                 Tloc           N/A          1%          2    None


Dungeon Overview and Level Annotations

Branches:
Dungeon (15/15)            Temple (1/1) D:6            Lair (8/8) D:11
 Shoals (5/5) Lair:6        Snake (5/5) Lair:5        Slime (0/6) Lair:6
    Orc (4/4) D:12            Elf (3/3) Orc:4        Vaults (5/5) D:14
  Crypt (2/3) Vaults:3     Depths (5/5) D:15            Zot (5/5) Depths:5

Altars:
Ashenzari
Cheibriados
Dithmenos
Elyvilon
Fedhas
Gozag
Kikubaaqudgha
Makhleb
Nemelex Xobeh
Okawaru
Qazlal
Ru
Sif Muna
Trog
Vehumet
Xom
Yredelemnul
Zin
The Shining One
Beogh

Shops:
D:8 [   Orc:3 ?*}*   Orc:4 }*(?   Elf:2 (   Shoals:3 *   Shoals:4 *
Vaults:3 !   Vaults:4 (   Depths:2 =   Depths:5 %

Portals:
Hell: Depths:1 Depths:2 Depths:3 Depths:4 Depths:5
Abyss: Depths:1 Depths:4
Pandemonium: Orc:4 Depths:3

Annotations:
Lair:2 exclusion: downstairs
Snake:3 Asterion, Vashnia


Innate Abilities, Weirdness & Mutations

You are resistant to damage.
You can recharge devices by infusing magical energy.
You resist negative energy.
You passively map a large area around you.
You do not heal naturally.
You are agile. (Dex +2)
You can breathe flames.
Your spells are a little harder to cast, but a little more powerful.


Message History

Makhleb accepts your kill.
You feel a little better.
Your phial of floods has recharged.
Unknown command.
You hear a grinding noise.
You hear a grinding noise.
There is an open door here.
There is a staircase leading out of the dungeon here.
Evoke which item? (* to show all) (? for menu, Esc to quit)
Zapping:
e - a wand of heal wounds (5)
Press: ? - help, Shift-Dir - straight line, f - you You feel much better.
This wand has 4 charges left.
Evoke which item? (* to show all) (? for menu, Esc to quit)
Okay, then.
Drink which item? (? for menu, Esc to quit)
You feel better.
Drink which item? (? for menu, Esc to quit)
You feel clever all of a sudden.
Drop what? 46/52 slots (_ for help) (? for menu, Esc to quit)
Okay, then.
You have escaped!

#.##.# #[##............
#.##.# #.##..........##
#.##.######.#####.##.####
#.##........# #.##.#
#.########### #.##.# #
#.# #.##.# # #.# ###
#.##.# #
#.#####♣♣♣8######.##.# #
#......♣♣@.'.........# #
#######♣♣♣8######.#### #
### #.# # #.# #
#.######## #.........
########## # #


There were no monsters in sight!

Vanquished Creatures
  4 ancient liches
  3 orbs of fire (Zot:5)
  Mara (Elf:3)
  A shard shrike (Zot:3)
  3 curse toes
  7 Killer Klowns
  10 golden dragons
  5 caustic shrikes (Depths:4)
  Nikola (Elf:1)
  Xtahua (Crypt:2)
  A Hellbinder (WizLab)
  2 electric golems
  2 liches
  A hellephant (Zot:3)
  20 tentacled monstrosities
  26 Orb Guardians
  8 titans
  4 deep elf blademasters (Elf:3)
  A Hell Sentinel (Elf:3)
  A Shadow Fiend (D:1)
  4 deep elf master archers (Elf:3)
  5 quicksilver dragons
  8 acid blobs
  5 sphinxes
  3 octopode crushers
  A kraken (Shoals:5)
  2 ancient champions
  9 shadow dragons
  Kirke (Shoals:1)
  2 revenants
  3 draconian monks
  14 storm dragons
  10 tengu reavers
  Roxanne (Elf:1)
  5 greater nagas (Snake:5)
  Ilsuiw (Shoals:5)
  Wiglaf (Snake:3)
  8 draconian knights
  7 iron dragons
  Donald (Shoals:1)
  14 frost giants
  17 fire giants
  4 draconian scorchers
  Aizul (Snake:1)
  8 deep elf sorcerers
  10 draconian zealots
  An orc warlord (Depths:4)
  2 balrugs
  A curse skull (Crypt:1)
  14 vault wardens
  A cacodemon (Depths:3)
  6 draconian shifters
  A ghoul (Vaults:3)
  10 draconian annihilators
  2 ghost moths
  8 rakshasas
  A spriggan defender (Depths:4)
  8 ironheart preservers
  27 stone giants
  29 very ugly things
  3 war gargoyles (Vaults:5)
  2 reapers
  A lorocyproca (Zig:4)
  12 green draconians
  3 draconian callers
  7 deep elf demonologists
  5 vampire knights
  Azrael (Elf:1)
  10 black draconians
  12 mottled draconians
  14 purple draconians
  16 white draconians
  9 deep elf annihilators
  13 red draconians
  22 yellow draconians
  9 deep elf death magi
  28 vault guards
  5 green deaths
  20 fire dragons
  8 merfolk javelineers
  2 eidola
  12 ettins
  10 merfolk impalers
  5 large abominations
  An ettin (shapeshifter) (Vaults:5)
  2 quicksilver dragon zombies
  19 yaktaur captains
  2 deep elf high priests
  9 great orbs of eyes
  2 blizzard demons
  12 jiangshi
  28 ice dragons
  4 entropy weavers
  2 catoblepae
  A quicksilver dragon skeleton (Crypt:1)
  5 death cobs
  16 naga warriors
  5 spriggan air magi
  2 merfolk avatars
  6 hydras
  A monstrous demonspawn (Depths:3)
  13 ogre magi
  9 centaur warriors
  5 merfolk aquamancers (Shoals:5)
  18 dancing weapons
  8 anacondas
  4 death yaks
  3 tengu warriors
  10 deep troll earth magi
  5 salamander stormcallers
  A spriggan berserker (Depths:5)
  13 deep troll shamans
  6 soul eaters
  12 orc high priests
  Urug (Lair:3)
  11 naga sharpshooters
  5 shock serpents
  A shock serpent (shapeshifter) (Depths:1)
  5 vampire magi
  Nergalle (D:12)
  2 spriggans (Depths:5)
  3 sun demons
  2 storm dragon zombies
  2 titan skeletons
  8 iron trolls
  5 skeletal warriors
  3 shadow wraiths
  2 death scarabs (Zig:6)
  25 deep elf knights
  A storm dragon skeleton (Zig:2)
  A fire crab (Lair:6)
  4 gelid demonspawn (Orc:4)
  A giant orange brain (Depths:2)
  3 salamander mystics
  4 unseen horrors
  6 hell knights
  A death drake (shapeshifter) (Vaults:4)
  2 death drakes
  4 ice devils
  2 flayed ghosts
  3 shadow demons
  A swamp dragon (Lair:5)
  5 naga ritualists
  A deep troll (shapeshifter) (Vaults:5)
  32 deep trolls
  11 necromancers
  5 wizards
  3 ice statues
  8 deep elf summoners
  2 lindwurms (Lair:8)
  A shadow dragon zombie (Depths:4)
  Pikel (D:5)
  14 sea snakes
  9 hill giants
  19 harpies
  11 phantasmal warriors
  8 ironbrand convokers
  15 deep elf conjurers
  13 orc knights
  7 orc sorcerers
  2 wolf spider zombies
  A frost giant zombie (Zot:4)
  An iron dragon zombie (Crypt:1)
  3 fauns
  A shadow dragon skeleton (Crypt:1)
  2 stone giant zombies
  4 wolf spiders
  39 ugly things
  9 mana vipers
  13 cyclopes
  3 fire giant zombies
  3 sixfirhies
  A cyclops (shapeshifter) (Vaults:5)
  3 hornets
  A hornet (shapeshifter) (Depths:4)
  An elephant (shapeshifter) (Vaults:5)
  4 oklob plants
  15 manticores
  2 orb spiders (Zig:5)
  5 water nymphs
  An octopode (shapeshifter) (Vaults:4)
  3 deathcaps (Zot:1)
  15 griffons
  14 salamanders
  14 sirens
  A shining eye (shapeshifter) (Elf:2)
  A fire giant skeleton (Depths:2)
  2 human skeletons
  3 guardian serpents
  5 rust devils
  33 black mambas
  A molten gargoyle (Lair:4)
  A guardian serpent (shapeshifter) (Vaults:1)
  A smoke demon (Depths:4)
  32 moths of wrath
  4 elephants
  14 naga magi
  A black mamba (shapeshifter) (D:13)
  17 vault sentinels
  4 drowned souls
  8 orange demons
  10 komodo dragons
  2 gargoyles (D:13)
  10 spiny frogs
  6 torpor snails
  A dire elephant skeleton (Crypt:1)
  5 efreet
  25 yaktaurs
  A mottled draconian zombie (Zot:4)
  A hellion (WizLab)
  A white draconian zombie (Zot:4)
  A yellow draconian zombie (Zot:2)
  6 fire drakes
  A golden dragon simulacrum (Depths:4)
  A green draconian zombie (Zot:4)
  A fire drake (shapeshifter) (D:14)
  4 kobold demonologists
  2 guardian mummies (Zot:4)
  An entropy weaver zombie (Crypt:2)
  7 blue devils
  A red draconian skeleton (Crypt:2)
  2 tormentors
  8 deep elf priests
  2 tengu conjurers
  A white draconian skeleton (Crypt:1)
  8 freezing wraiths
  13 trolls
  A spriggan skeleton (Depths:2)
  3 hellwings
  3 jumping spiders
  2 merfolk (shapeshifter)
  A queen bee (Depths:4)
  3 wandering mushrooms (Zot:1)
  28 merfolk
  A harpy zombie (Crypt:1)
  31 polar bears
  32 two-headed ogres
  2 baby alligators (Lair:5)
  3 giant leeches (Lair:8)
  3 fire vortices
  4 red devils
  A sphinx simulacrum (Depths:2)
  A moth of wrath zombie (Zot:4)
  2 hornet zombies
  6 wind drakes
  A jumping spider (shapeshifter) (Vaults:4)
  A harpy skeleton (Crypt:1)
  3 raiju (Lair:8)
  20 blink frogs
  8 slime creatures
  11 snapping turtles
  A trapdoor spider zombie (D:13)
  2 fire dragon zombies (Crypt:1)
  A fire giant simulacrum (Crypt:1)
  A shock serpent simulacrum (Crypt:1)
  8 ravens
  4 boulder beetles
  A deep troll zombie (Zig:2)
  A spectral black mamba (Crypt:2)
  3 trapdoor spiders
  A stone giant simulacrum (Vaults:2)
  A flying skull (Crypt:1)
  8 redbacks
  A redback (shapeshifter) (Depths:4)
  6 fire elementals
  6 ynoxinuls
  An elf skeleton (Depths:4)
  2 fire dragon skeletons (Crypt:1)
  A tarantella (shapeshifter) (Vaults:4)
  A wyvern (D:11)
  2 vampires
  13 air elementals
  4 hogs (Shoals:1)
  5 shadows
  A wind drake zombie (Crypt:1)
  2 hungry ghosts
  An ettin skeleton (Crypt:1)
  4 neqoxecs
  9 wraiths
  27 deep elf fighters
  5 basilisks
  A human (shapeshifter) (Elf:2)
  A tarantella (Zig:5)
  33 water elementals
  A yaktaur simulacrum (Vaults:2)
  13 hippogriffs
  A chaos spawn (D:4)
  39 deep elf magi
  38 yaks
  A golden eye (shapeshifter) (Vaults:4)
  3 mottled dragons
  Menkaure (D:11)
  A salamander skeleton (Vaults:2)
  2 soldier ants (D:13)
  5 vampire mosquitoes
  22 wolves
  A torturous demonspawn zombie (Crypt:2)
  Edmund (D:5)
  12 porcupines
  19 ice beasts
  23 water moccasins
  49 nagas
  12 wargs
  A slave (D:5)
  4 hell hounds
  2 spiders
  6 wasps
  12 black bears (Lair:8)
  A spiny frog skeleton (Crypt:1)
  7 boggarts
  11 necrophages
  A swamp drake (Zot:2)
  A deep dwarf (shapeshifter) (D:14)
  An ettin simulacrum (Vaults:2)
  An eye of draining (D:13)
  2 phantoms
  A tengu (shapeshifter) (D:13)
  45 orc warriors
  11 centaurs
  4 sky beasts
  50 ogres
  3 human zombies
  A hog zombie (Crypt:2)
  A boring beetle (D:13)
  A boring beetle (shapeshifter) (Depths:2)
  12 crocodiles
  A big kobold (D:12)
  4 brain worms (Lair:8)
  16 giant frogs
  A gnoll sergeant (D:9)
  A wyvern skeleton (D:10)
  A spider zombie (Crypt:1)
  6 scorpions
  29 killer bees
  A spectral tengu (Crypt:2)
  11 wights
  A yak zombie (Crypt:1)
  A warg skeleton (Crypt:2)
  4 electric eels
  2 centaur zombies
  A goliath beetle (D:13)
  A gnoll shaman (D:5)
  A lava snake (Lair:4)
  2 wasp zombies
  2 quasits (Depths:3)
  25 orc wizards
  2 giant frog zombies (D:13)
  2 iron imps (Depths:3)
  6 crimson imps
  30 jellies
  9 iguanas
  46 orc priests
  Jessica (D:2)
  A giant frog skeleton (D:13)
  15 hounds
  7 worker ants
  5 centaur skeletons
  10 hell rats
  50 sheep
  A troll simulacrum (Crypt:1)
  A killer bee zombie (D:4)
  A brain worm zombie (Crypt:2)
  A hound zombie (D:11)
  A hound skeleton (D:6)
  7 mummies (Zig:6)
  A worker ant zombie (D:6)
  19 gnolls
  14 adders
  63 river rats
  4 shadow imps
  3 white imps
  4 oozes
  19 ufetubi
  2 adder skeletons
  18 worms
  168 orcs
  15 bats
  2 giant cockroaches
  31 hobgoblins
  7 jackals
  32 kobolds
  7 quokkas
  A ball python (D:3)
  4 giant geckos
  7 giant newts
  22 goblins
  A hobgoblin zombie (Crypt:2)
  A jackal skeleton (D:9)
  A quokka skeleton (D:6)
  29 rats
  10 spectral orcs (D:12)
  4 ballistomycetes
  5 crawling corpses (Vaults:5)
  17 fungi
  15 plants
  3 tentacles (Shoals:5)
3082 creatures vanquished.

Vanquished Creatures (collateral kills)
  An orb of fire (Zot:5)
  An ancient lich (Zot:5)
  2 liches
  An electric golem (Zot:5)
  Polyphemus (Shoals:4)
  A draconian monk (Zot:5)
  An iron dragon (Vaults:5)
  The ghost of Hanyuu the Severer, a powerful HOFi of Beogh (D:14)
  A purple draconian (Zot:5)
  A fire dragon (Depths:1)
  A naga warrior (Snake:5)
  An ogre mage (Depths:3)
  2 hydras
  A naga sharpshooter (Snake:5)
  An iron troll (Depths:1)
  A soul eater (Orc:4)
  2 naga ritualists (Snake:5)
  A hill giant (D:14)
  An orc knight (Orc:4)
  A griffon (Shoals:4)
  2 wolf spiders (Zot:5)
  A spiny frog (Lair:8)
  A dire elephant skeleton (Crypt:1)
  A yaktaur (Depths:1)
  A slime creature (Depths:3)
  A blink frog (Lair:7)
  3 water elementals
  A naga (Snake:5)
  A water moccasin (Lair:6)
  A porcupine (Lair:6)
  A snapping turtle zombie (Crypt:1)
  An orc priest (Orc:4)
  An ufetubus (Orc:4)
  A jackal (Lair:8)
  A plant (Shoals:4)
41 creatures vanquished.

Vanquished Creatures (others)
  A lich (Depths:5)
  A tengu reaver (Depths:4)
  A storm dragon (Depths:4)
  A draconian knight (Zot:3)
  An ironheart preserver (Vaults:3)
  A draconian caller (Zot:2)
  2 ettins
  A vault guard (Vaults:5)
  A yaktaur captain (Vaults:5)
  A great orb of eyes (Depths:3)
  A tengu warrior (Depths:3)
  A naga sharpshooter (Snake:3)
  5 air elementals
  A hell beast (WizLab)
  A deep elf knight (Vaults:3)
  A deep troll (Vaults:5)
  A torturous demonspawn (Depths:4)
  A deep elf conjurer (Depths:4)
  2 water elementals (Zot:5)
  2 necromancers (Crypt:1)
  A moth of wrath (Zot:1)
  3 wolf spiders (Zot:5)
  An ugly thing (Depths:3)
  6 drowned souls
  A golden dragon simulacrum (Crypt:1)
  A merfolk (Shoals:5)
  A jumping spider (Zot:5)
  3 ravens (Depths:3)
  A two-headed ogre (Vaults:2)
  2 trolls (Zot:1)
  An earth elemental (D:2)
  4 trapdoor spiders
  2 tarantellas (Zot:5)
  A redback (D:14)
  A human (Shoals:1)
  5 vampire mosquitoes
  A warg (Vaults:5)
  A wolf (Lair:6)
  4 wasps
  9 spiders
  A swamp drake (Depths:5)
  An ogre (D:5)
  5 lost souls
  8 scorpions
  8 killer bees
  9 worker ants
  A mummy (Zig:6)
  An ufetubus (Zot:5)
  3 worms
  2 giant spores
  A butterfly (Orc:4)
  3 fungi
  5 plants
  3 tentacles (Shoals:5)
  50 tentacle segments (Shoals:5)
177 creatures vanquished.

Grand Total: 3300 creatures vanquished

Notes
Turn   | Place    | Note
--------------------------------------------------------------
     0 | D:1      | ICantDie, the Deep Dwarf Gladiator, began the quest for the Orb.
     0 | D:1      | Reached XP level 1. HP: 19/19 MP: 1/1
   159 | D:1      | Reached XP level 2. HP: 21/26 MP: 2/2
   159 | D:1      | Reached skill level 4 in Axes
  1018 | D:2      | Reached XP level 3. HP: 16/32 MP: 3/3
  1153 | D:2      | Reached skill level 5 in Axes
  1320 | D:2      | Reached XP level 4. HP: 19/39 MP: 4/4
  1327 | D:2      | Found an ancient bone altar of Kikubaaqudgha.
  1331 | D:2      | Found an iron altar of Okawaru.
  1510 | D:2      | Noticed Jessica
  1528 | D:2      | Killed Jessica
  1826 | D:3      | Reached skill level 6 in Axes
  2152 | D:3      | Reached XP level 5. HP: 31/45 MP: 5/5
  3024 | D:4      | Reached skill level 7 in Axes
  3716 | D:4      | Noticed a sky beast
  3741 | D:4      | Killed a sky beast
  3741 | D:4      | Reached XP level 6. HP: 52/52 MP: 6/6
  3849 | D:5      | Entered Level 5 of the Dungeon
  3966 | D:5      | Reached skill level 8 in Axes
  4048 | D:5      | Reached XP level 7. HP: 26/58 MP: 7/7
  4132 | D:5      | Noticed Edmund
  4184 | D:6      | Found a staircase to the Ecumenical Temple.
  4192 | D:6      | Reached skill level 9 in Axes
  4203 | Temple   | Entered the Ecumenical Temple
  4248 | Temple   | Became a worshipper of Makhleb the Destroyer
  4372 | D:6      | Found an opulent altar of Gozag.
  4647 | D:5      | Noticed Pikel
  4671 | D:5      | Killed Pikel
  4671 | D:5      | Reached skill level 11 in Axes
  4671 | D:5      | Reached XP level 8. HP: 46/66 MP: 8/8
  4851 | D:5      | Killed Edmund
  4929 | D:5      | Found a white marble altar of Elyvilon.
  5054 | D:6      | Acquired Makhleb's first power
  5067 | D:6      | Got an ebony hand axe
  5068 | D:6      | Identified the +7 hand axe of Opuy {chop, rF+ MP+9} (You found it on level 6 of the Dungeon)
  5394 | D:5      | Reached skill level 12 in Axes
  5744 | D:7      | Noticed Menkaure
  6079 | D:7      | Acquired Makhleb's second power
  6160 | D:7      | Got a faintly glowing robe
  6161 | D:7      | Identified the +0 robe of Greed {rC+ rCorr Stlth-} (You found it on level 7 of the Dungeon)
  6285 | D:7      | Gained mutation: You passively map the area around you. [Deep Dwarf growth]
  6285 | D:7      | Reached XP level 9. HP: 34/73 MP: 9/9
  6315 | D:8      | Found Qaismoze's Armour Shoppe.
  6347 | D:8      | Reached skill level 13 in Axes
  7034 | D:8      | Reached skill level 14 in Axes
  7201 | D:9      | Acquired Makhleb's third power
  7402 | D:9      | Reached skill level 15 in Axes
  7404 | D:9      | Noticed a hill giant
  7422 | D:9      | Killed a hill giant
  7422 | D:9      | Reached XP level 10. HP: 60/80 MP: 10/10
  7957 | D:10     | Entered Level 10 of the Dungeon
  7977 | D:10     | Acquired Makhleb's fourth power
  7988 | D:10     | Reached skill level 1 in Armour
  8409 | D:10     | Reached skill level 5 in Dodging
  8488 | D:10     | Noticed a hill giant
  8499 | D:10     | Killed a hill giant
  8615 | D:10     | Noticed a hill giant
  8640 | D:10     | Killed a hill giant
  8640 | D:10     | Reached skill level 5 in Armour
  8640 | D:10     | Reached skill level 1 in Evocations
  8993 | D:11     | Reached XP level 11. HP: 65/90 MP: 12/12
  9109 | D:11     | Acquired Makhleb's fifth power
  9130 | D:11     | Found a staircase to the Lair.
  9628 | D:11     | Noticed a manticore
  9640 | D:11     | Killed a manticore
  9795 | D:11     | Killed Menkaure
  9914 | Lair:1   | Entered Level 1 of the Lair of Beasts
 10892 | Lair:2   | Reached skill level 5 in Evocations
 10976 | Lair:2   | Reached skill level 5 in Fighting
 11370 | Lair:3   | Noticed Urug
 11561 | Lair:3   | Noticed a four-headed hydra
 11574 | Lair:3   | Killed a four-headed hydra
 11760 | Lair:3   | Reached XP level 12. HP: 85/103 MP: 16/16
 12201 | Lair:3   | Killed Urug
 12538 | Lair:2   | Reached skill level 10 in Armour
 12538 | Lair:2   | Reached XP level 13. HP: 109/112 MP: 18/18
 13492 | Lair:5   | Found a staircase to the Swamp.
 13566 | Lair:5   | Found a staircase to the Snake Pit.
 13586 | Lair:5   | Found a frozen archway.
 13649 | IceCv    | Entered an ice cave
 13828 | IceCv    | Gained mutation: You can breathe flames. [potion of beneficial mutation]
 14207 | IceCv    | Noticed a frost giant
 14263 | IceCv    | Killed a frost giant
 14792 | Lair:5   | Gained mutation: You resist negative energy. [Deep Dwarf growth]
 14792 | Lair:5   | Reached XP level 14. HP: 121/123 MP: 21/21
 14877 | Lair:5   | Reached skill level 10 in Evocations
 15359 | Lair:6   | Found a staircase to the Slime Pits.
 15508 | Lair:6   | Found a staircase to the Shoals.
 15519 | Lair:6   | Reached skill level 16 in Axes
 16218 | Lair:7   | Got a translucent lead ring
 16780 | Lair:8   | Entered Level 8 of the Lair of Beasts
 16834 | Lair:8   | Identified the ring "Zotis" {+Fly MR+ MP+9 Str+4 Int-3} (You found it on level 7 of the Lair of Beasts)
 16844 | Lair:8   | Identified a +0 rod of the swarm (14/14) (You found it on level 8 of the Lair of Beasts)
 17211 | Lair:8   | Reached skill level 17 in Axes
 17325 | Lair:8   | Identified a +5 rod of the swarm (12/12) (You found it on level 8 of the Lair of Beasts)
 17502 | Lair:8   | Found a runed door.
 17669 | Lair:8   | Reached skill level 18 in Axes
 17726 | Lair:8   | Reached XP level 15. HP: 130/130 MP: 24/24
 18750 | D:12     | Found a staircase to the Orcish Mines.
 18913 | D:12     | Noticed Nergalle
 18963 | D:12     | Killed Nergalle
 19802 | D:13     | Reached skill level 19 in Axes
 20030 | D:13     | Identified a scroll of acquirement
 20925 | Orc:1    | Entered Level 1 of the Orcish Mines
 20936 | Orc:1    | Found an iron altar of Okawaru.
 21083 | Orc:1    | Found a roughly hewn altar of Beogh.
 22174 | Orc:3    | Found Ukiuck's Assorted Antiques.
 22187 | Orc:3    | Bought a pair of dazzling gloves for 313 gold pieces
 22370 | Orc:3    | Found Zavot's Assorted Antiques.
 22402 | Orc:3    | Found Ceirchuel's Gadget Boutique.
 22421 | Orc:3    | Bought a scroll of fear for 91 gold pieces
 22432 | Orc:3    | Bought a wand of teleportation (5) for 378 gold pieces
 22603 | Orc:3    | Found Kivepn's Magic Scroll Emporium.
 22642 | Orc:3    | Bought a scroll of fear for 52 gold pieces
 22642 | Orc:3    | Bought 3 scrolls of enchant weapon for 337 gold pieces
 22642 | Orc:3    | Bought a scroll of blinking for 112 gold pieces
 23058 | Orc:4    | Entered Level 4 of the Orcish Mines
 23100 | Orc:4    | Reached skill level 20 in Axes
 23165 | Orc:4    | Found Ygethes's Magic Scroll Emporium.
 23192 | Orc:4    | Found Aziep's General Store.
 23556 | Orc:4    | Found a staircase to the Elven Halls.
 23937 | Orc:4    | Found Jioxkuerun's Gadget Shop.
 23937 | Orc:4    | Found Anytom's Antique Weapon Boutique.
 23938 | Orc:4    | Found a one-way gate leading to the halls of Pandemonium.
 24023 | Orc:4    | Bought a scroll of recharging for 152 gold pieces
 24023 | Orc:4    | Bought a scroll of teleportation for 48 gold pieces
 24023 | Orc:4    | Bought a scroll of teleportation for 48 gold pieces
 24023 | Orc:4    | Bought a scroll of enchant weapon for 120 gold pieces
 24026 | Orc:4    | Bought a potion of heal wounds for 50 gold pieces
 24282 | Snake:1  | Entered Level 1 of the Snake Pit
 24317 | Snake:1  | Reached skill level 21 in Axes
 24317 | Snake:1  | Reached XP level 16. HP: 138/138 MP: 25/25
 24378 | Snake:1  | Identified the Catalogue of Attacks
 24404 | Snake:1  | Noticed Aizul
 24423 | Snake:1  | Killed Aizul
 25723 | Snake:3  | Found a flickering gateway to a bazaar.
 25740 | Bazaar   | Entered a bazaar
 25740 | Bazaar   | Found Nazaitoh's General Store.
 25740 | Bazaar   | Found Binnaevvus's Distillery.
 25740 | Bazaar   | Found Oboyg's Antique Weapon Emporium.
 25741 | Bazaar   | Found Xyoriots's Antique Weapon Emporium.
 25756 | Bazaar   | Bought a scroll of enchant armour for 60 gold pieces
 25756 | Bazaar   | Bought a potion of curing for 24 gold pieces
 25756 | Bazaar   | Bought a +0 pair of boots of flying for 92 gold pieces
 25756 | Bazaar   | Bought a scroll of fear for 28 gold pieces
 25764 | Bazaar   | Bought a potion of cure mutation for 350 gold pieces
 25764 | Bazaar   | Bought a potion of heal wounds for 50 gold pieces
 25776 | Bazaar   | Bought a potion of ambrosia for 80 gold pieces
 25776 | Bazaar   | Bought a potion of ambrosia for 80 gold pieces
 25781 | Bazaar   | Bought a potion of restore abilities for 50 gold pieces
 25825 | Snake:3  | Noticed Wiglaf
 25846 | Snake:3  | Killed Wiglaf
 25906 | Snake:3  | Reached skill level 22 in Axes
 26041 | Snake:3  | Noticed Vashnia
 26055 | Snake:3  | Noticed Asterion
 26868 | Shoals:1 | Entered Level 1 of the Shoals
 26882 | Shoals:1 | Reached skill level 23 in Axes
 26952 | Shoals:1 | Noticed Donald
 26974 | Shoals:1 | Killed Donald
 27106 | Shoals:1 | Noticed Kirke
 27122 | Shoals:1 | Killed Kirke
 27387 | Shoals:1 | Reached XP level 17. HP: 141/145 MP: 26/26
 28041 | Shoals:2 | Got a fine robe
 28042 | Shoals:2 | Identified the +4 robe of Grace {rF+ rC+ Stlth-} (You found it on level 2 of the Shoals)
 28188 | Shoals:2 | Got a smoking ring mail
 28199 | Shoals:2 | Identified the cursed +0 ring mail "Ganooc" {MR+} (You found it on level 2 of the Shoals)
 28758 | Shoals:3 | Found Uhak's Assorted Antiques.
 28779 | Shoals:3 | Bought a scroll of teleportation for 72 gold pieces
 29392 | Shoals:4 | Noticed Polyphemus
 29422 | Shoals:4 | Killed Polyphemus
 29475 | Shoals:4 | Got a heavily runed platinum ring
 29477 | Shoals:4 | Identified the ring of Undoing {rC+++ MP+9 Str+3 Dex-5 Stlth+} (You found it on level 4 of the Shoals)
 29899 | Shoals:4 | Found Wavesu's General Store.
 30558 | D:14     | Found a gate to the Vaults.
 30734 | D:14     | Noticed Hanyuu's ghost (powerful HOFi)
 30757 | D:14     | Killed Hanyuu's ghost
 31564 | D:15     | Entered Level 15 of the Dungeon
 31664 | D:15     | Found a staircase to the Depths.
 31791 | D:15     | Gained mutation: Your muscles are strong. (Str +2) [potion of beneficial mutation]
 31839 | D:15     | Found a shadowy altar of Dithmenos.
 32641 | Snake:5  | Entered Level 5 of the Snake Pit
 32944 | Snake:5  | Reached skill level 10 in Fighting
 33129 | Snake:5  | Gained mutation: You passively map a large area around you. [Deep Dwarf growth]
 33129 | Snake:5  | Reached XP level 18. HP: 160/160 MP: 23/29
 33161 | Snake:5  | Reached skill level 15 in Evocations
 33914 | Snake:5  | Got a serpentine rune of Zot
 34338 | Vaults:1 | Entered Level 1 of the Vaults
 35685 | Vaults:2 | Noticed a lich
 35707 | Vaults:2 | Killed a lich
 36058 | Vaults:2 | Reached XP level 19. HP: 175/175 MP: 31/31
 36155 | Vaults:2 | Found a deep blue altar of Sif Muna.
 37147 | Vaults:3 | Got a sparkling bone ring
 37196 | Vaults:3 | Found Max Hoq's Distillery.
 37210 | Vaults:3 | Bought a potion of beneficial mutation for 735 gold pieces
 37210 | Vaults:3 | Bought a potion of heal wounds for 105 gold pieces
 37210 | Vaults:3 | Gained mutation: Your spells are a little harder to cast, but a little more powerful. [potion of beneficial mutation]
 37211 | Vaults:3 | meh
 37251 | Vaults:3 | Found a staircase to the Crypt.
 37946 | Vaults:4 | Identified the ring "Regreytytt" {+Blink rElec rPois rC- Str+5} (You found it on level 3 of the Vaults)
 38133 | Vaults:4 | Found Qoisio's Antique Weapon Emporium.
 38153 | Vaults:4 | Bought a faintly glowing triple crossbow for 585 gold pieces
 38153 | Vaults:4 | Identified the +8 triple crossbow "Zitif" {freeze, rF- rN+ Dex+9} (You bought it in a shop on level 4 of the Vaults)
 38562 | Vaults:4 | Reached skill level 15 in Dodging
 39266 | Shoals:5 | Entered Level 5 of the Shoals
 39454 | Shoals:5 | Got a barnacled rune of Zot
 39562 | Shoals:5 | Reached XP level 20. HP: 167/186 MP: 33/33
 39733 | Shoals:5 | Noticed Ilsuiw
 39754 | Shoals:5 | Reached skill level 15 in Armour
 39775 | Shoals:5 | Killed Ilsuiw
 41026 | Crypt:1  | Entered Level 1 of the Crypt
 41492 | Crypt:1  | Learned a level 4 spell: Control Teleport
 42132 | Crypt:2  | Noticed Xtahua
 42148 | Crypt:2  | Killed Xtahua
 42977 | Elf:1    | Entered Level 1 of the Elven Halls
 42983 | Elf:1    | Noticed Nikola
 43012 | Elf:1    | Killed Nikola
 43170 | Orc:3    | Identified the +1 pair of gloves of the Eagle {-Cast +Inv rCorr Dex-4} (You bought it in a shop on level 3 of the Orcish Mines)
 43311 | Elf:1    | Noticed Roxanne
 43323 | Elf:1    | Killed Roxanne
 43326 | Elf:1    | Noticed Azrael
 43348 | Elf:1    | Killed Azrael
 43378 | Elf:1    | Identified Roxanne's Grimoire of Earth (You took it off Roxanne on level 1 of the Elven Halls)
 43749 | Elf:1    | Learned a level 3 spell: Passwall
 43813 | Elf:1    | Reached skill level 24 in Axes
 44066 | Elf:2    | Found a magical portal.
 44071 | WizLab   | Entered The Hall of Doaro the Hellbinder
 44098 | WizLab   | Reached XP level 21. HP: 195/195 MP: 34/34
 44574 | WizLab   | Identified Sif Muna's Incunabulum of Illusion and the Voyage (You found it in a wizard's laboratory)
 44579 | WizLab   | Got a shimmering demon whip
 44580 | WizLab   | Identified the +9 demon whip of Blind Justice {elec, +Fly rC- MR++ Str+4} (You found it in a wizard's laboratory)
 44583 | WizLab   | Identified the Catalogue of Calling
 44593 | WizLab   | Found a burning altar of Makhleb.
 44660 | WizLab   | Identified a +4 rod of shadows (11/11) (You found it in a wizard's laboratory)
 44826 | Elf:2    | Found a runed gate.
 44827 | Elf:2    | Found a runed gate.
 44827 | Elf:2    | Found a runed gate.
 44954 | Elf:2    | Found Colit's Antique Weapon Shoppe.
 45396 | Elf:2    | Reached skill level 25 in Axes
 46034 | Elf:3    | Entered Level 3 of the Elven Halls
 46103 | Elf:3    | Noticed Mara
 46123 | Elf:3    | Killed Mara
 46904 | Elf:3    | Got a wavering brass ring
 46914 | Elf:3    | Reached skill level 26 in Axes
 46963 | Elf:3    | Learned a level 2 spell: Swiftness
 46966 | Elf:3    | Learned a level 2 spell: Repel Missiles
 47022 | Elf:3    | Reached skill level 1 in Stealth
 47047 | Elf:3    | Reached skill level 1 in Charms
 47070 | Elf:3    | Reached skill level 1 in Spellcasting
 47089 | Elf:3    | Identified the ring "Abinweru" {SustAb MR+ Str+2 Int+2 Stlth+} (You took it off a deep elf sorcerer on level 3 of the Elven Halls)
 47096 | Elf:3    | Identified a +7 rod of inaccuracy (12/12) (You found it on level 3 of the Elven Halls)
 47160 | Elf:3    | Identified Vehumet's Collected Works on Frigorific Combat Magic (You found it on level 3 of the Elven Halls)
 47185 | Elf:3    | Got a scorched scale mail
 47196 | Elf:3    | Identified the +4 scale mail of Absence {rF- Regen+ rCorr} (You found it on level 3 of the Elven Halls)
 47241 | Elf:3    | Got a polished rapier
 47242 | Elf:3    | Identified the cursed +1 rapier "Silloawa" {pierce, +Fly rElec} (You found it on level 3 of the Elven Halls)
 47677 | D:11     | Killed an unseen horror
 47853 | Depths:1 | Entered Level 1 of the Depths
 47887 | Depths:1 | Reached skill level 1 in Air Magic
 48167 | Depths:1 | Found a gateway to Hell.
 48171 | Depths:1 | Reached XP level 22. HP: 204/204 MP: 35/35
 48540 | Depths:1 | Got a bone war axe
 48541 | Depths:1 | Identified the +5 war axe of Causality {freeze, rPois Str-5 Stlth+} (You found it on level 1 of the Depths)
 48708 | Depths:1 | Found a one-way gate to the infinite horrors of the Abyss.
 48843 | Depths:2 | Found a gateway to a ziggurat.
 48859 | Zig:1    | Entered Level 1 of a ziggurat
 48888 | Zig:2    | Entered Level 2 of a ziggurat
 48907 | Zig:2    | Got a steaming steel ring
 48908 | Zig:2    | Identified the ring "Loqemoh" {rElec AC+2 Str+4} (You found it on level 2 of a ziggurat)
 48923 | Zig:3    | Entered Level 3 of a ziggurat
 48954 | Zig:4    | Entered Level 4 of a ziggurat
 48956 | Zig:4    | Noticed an ancient lich
 48992 | Zig:4    | Killed an ancient lich
 48992 | Zig:4    | Reached skill level 5 in Stealth
 49004 | Zig:4    | Reached XP level 23. HP: 211/213 MP: 17/36
 49020 | Zig:5    | Entered Level 5 of a ziggurat
 49086 | Zig:5    | Learned a level 3 spell: Spectral Weapon
 49089 | Zig:5    | Learned a level 2 spell: Song of Slaying
 49092 | Zig:5    | Learned a level 2 spell: Shroud of Golubria
 49103 | Zig:6    | Entered Level 6 of a ziggurat
 49105 | Zig:6    | Noticed a greater mummy
 49108 | Zig:6    | Noticed a greater mummy
 49132 | Depths:2 | Reached XP level 24. HP: 42/222 MP: 36/36
 49168 | Depths:2 | Found Ytostafi's Jewellery Emporium.
 49594 | Depths:2 | Learned a level 1 spell: Apportation
 49599 | Depths:2 | Learned a level 1 spell: Summon Butterflies
 50320 | Depths:3 | Reached skill level 5 in Charms
 50556 | Depths:3 | Reached skill level 5 in Spellcasting
 51223 | Depths:3 | Reached XP level 25. HP: 230/230 MP: 36/36
 51521 | Depths:4 | Found a runed door.
 51608 | Depths:4 | Got a sparkling golden ring
 51610 | Depths:4 | Identified the ring "Xysilet" {Ice Str+2} (You found it on level 4 of the Depths)
 52187 | Depths:4 | Got a bound golden ring
 52218 | Depths:4 | Identified the cursed ring "Lader" {rF+ Str+3 Int-2 Slay-6} (You took it off a yaktaur on level 4 of the Depths)
 52692 | Depths:4 | Reached skill level 10 in Stealth
 52839 | Depths:4 | Reached skill level 15 in Fighting
 52961 | Depths:4 | Got a crude bone ring
 52962 | Depths:4 | Identified the ring "Vostraod" {Ice Str+6 Int+2 Dex-2} (You found it on level 4 of the Depths)
 53003 | Depths:4 | Hired Qiffinaw the torturous demonspawn for 604 gold.
 53006 | Depths:4 | Gained mutation: You are agile. (Dex +2) [helix card]
 53008 | Depths:4 | Drew Focus: Str increased to 22, Int decreased to 11
 53009 | Depths:4 | Hired Xufokih the deep elf conjurer for 647 gold.
 53021 | Depths:4 | Drew Focus: Str increased to 23, Int decreased to 10
 53141 | Depths:5 | Entered Level 5 of the Depths
 53223 | Depths:5 | Reached XP level 26. HP: 241/241 MP: 37/37
 53355 | Depths:5 | Found Jelatoth's Food Boutique.
 53447 | Depths:5 | Found a gate to the Realm of Zot.
 53708 | Depths:5 | Found a deep blue altar of Sif Muna.
 53817 | Depths:5 | Learned a level 2 spell: Stoneskin
 53820 | Depths:5 | Identified a +1 rod of the swarm (14/14) (You found it on level 5 of the Depths)
 54183 | Vaults:5 | Entered Level 5 of the Vaults
 54186 | Vaults:5 | Noticed an ancient lich
 54205 | Vaults:5 | Killed an ancient lich
 54465 | Vaults:5 | Got a silver rune of Zot
 54581 | Vaults:5 | Learned a level 2 spell: Blink
 54596 | Vaults:5 | Reached skill level 1 in Translocations
 54634 | Vaults:5 | Reached XP level 27. HP: 245/245 MP: 39/39
 54646 | Vaults:5 | Got a scorched ruby amulet
 54647 | Vaults:5 | Identified the amulet of Seiheghu {Inacc MR+ Str+9 Int-4 Dex-2} (You found it on level 5 of the Vaults)
 54806 | Vaults:5 | Got a bound granite ring
 54890 | Vaults:5 | Reached skill level 5 in Translocations
 54905 | Vaults:5 | Got a clouded iron ring
 55003 | Vaults:5 | Identified the ring of the Amoeba {rPois rN+ MR+ Int-3 Stlth-} (You found it on level 5 of the Vaults)
 55004 | Vaults:5 | Identified the ring of Ronos {rC+ Int+2} (You found it on level 5 of the Vaults)
 55853 | Depths:4 | Your ally Xufokih died
 55880 | Zot:1    | Entered Level 1 of the Realm of Zot
 56498 | Zot:1    | Reached skill level 27 in Evocations
 57467 | Zot:2    | Reached skill level 10 in Charms
 58019 | Zot:3    | Reached skill level 10 in Spellcasting
 58100 | Zot:3    | Reached skill level 15 in Stealth
 58864 | Zot:3    | Reached skill level 10 in Translocations
 59312 | Zot:4    | Noticed an ancient lich
 59330 | Zot:4    | Killed an ancient lich
 59453 | Zot:4    | Got a shimmering battleaxe
 59454 | Zot:4    | Identified the +7 battleaxe "Xenkotuerph" {chop, Noisy Str+2 Stlth+} (You found it on level 4 of the Realm of Zot)
 60350 | Depths:4 | Your ally Qiffinaw died
 60988 | Zot:5    | Entered Level 5 of the Realm of Zot
 61492 | Zot:5    | Noticed an orb of fire
 61517 | Zot:5    | Killed an orb of fire
 61521 | Zot:5    | Noticed an ancient lich
 61547 | Zot:5    | Killed an ancient lich
 61677 | Zot:5    | Noticed an orb of fire
 61686 | Zot:5    | Noticed an orb of fire
 61718 | Zot:5    | Killed an orb of fire
 61865 | Zot:5    | Killed an orb of fire
 61870 | Zot:5    | Noticed an orb of fire
 61884 | Zot:5    | Killed an orb of fire
 61923 | Zot:5    | Noticed an ancient lich
 61933 | Zot:5    | Killed an ancient lich
 62027 | Zot:5    | Got the Orb of Zot
 62362 | Depths:5 | Noticed Zeirr the pandemonium lord
 62529 | D:14     | Lost mutation: Your muscles are strong. (Str +2) [a neqoxec]
 62942 | D:2      | Noticed Ulasin the pandemonium lord
 62942 | D:2      | Noticed an ancient lich
 63052 | D:$      | Escaped with the Orb!

Action                   |  1- 3 |  4- 6 |  7- 9 | 10-12 | 13-15 | 16-18 | 19-21 | 22-24 | 25-27 || total
-------------------------+-------+-------+-------+-------+-------+-------+-------+-------+-------++-------
Melee: War axe           |    80 |   158 |   132 |       |       |       |       |       |       ||   370
       Hand axe          |       |       |   230 |   621 |   482 |       |       |       |       ||  1333
       Battleaxe         |       |       |       |       |  1652 |  1516 |  1888 |   636 |  1934 ||  7626
 Fire: Blowgun           |       |    58 |    68 |    23 |     2 |       |       |       |       ||   151
Throw: Stone             |    18 |    19 |       |       |       |       |       |       |       ||    37
       Throwing net      |     1 |       |       |     1 |     1 |       |       |       |       ||     3
 Cast: Repel Missiles    |       |       |       |       |       |       |       |     1 |     1 ||     2
       Blink             |       |       |       |       |       |       |       |       |     2 ||     2
 Abil: Breathe Fire      |       |       |       |       |     1 |       |       |       |       ||     1
Evoke: Wand              |     1 |       |     7 |     4 |     7 |     7 |     4 |       |    11 ||    41
       Sack of spiders   |       |       |       |     2 |     6 |     1 |       |       |     7 ||    16
       Rod               |       |       |       |       |     4 |    15 |     6 |     4 |       ||    29
       Lamp of fire      |       |       |       |       |       |     2 |     2 |       |     5 ||     9
       Disc of storms    |       |       |       |       |       |       |       |     1 |   244 ||   245
       Deck              |       |       |       |       |       |       |       |       |    18 ||    18
       Phial of floods   |       |       |       |       |       |       |       |       |     4 ||     4
       Fan of gales      |       |       |       |       |       |       |       |       |     2 ||     2
       Stone of tremors  |       |       |       |       |       |       |       |       |     2 ||     2
       Phantom mirror    |       |       |       |       |       |       |       |       |     1 ||     1
  Use: Scroll            |       |     7 |    15 |    10 |    17 |    16 |    23 |     8 |    23 ||   119
       Potion            |       |     3 |     2 |     1 |     7 |     4 |     8 |     5 |    16 ||    46
 Stab: Paralysed         |       |       |     9 |       |       |       |       |       |       ||     9
       Invisible         |       |       |     4 |     2 |       |       |       |       |       ||     6
       Fleeing           |       |       |       |       |     1 |       |       |       |       ||     1
       Distracted        |       |       |       |       |     1 |     6 |       |     2 |    10 ||    19
       Sleeping          |       |       |       |       |     1 |       |       |     6 |    20 ||    27
       Petrifying        |       |       |       |       |       |     1 |       |       |       ||     1
  Eat: Chunk             |     1 |     9 |     9 |    12 |    28 |    24 |    17 |     2 |     8 ||   110
       Beef jerky        |       |       |     1 |     1 |     6 |       |     4 |       |     2 ||    14
       Pizza             |       |       |       |     2 |       |     1 |     2 |       |     2 ||     7
       Bread ration      |       |       |       |       |     1 |     1 |     3 |     3 |     3 ||    11
       Fruit             |       |       |       |       |       |     4 |       |       |       ||     4
       Meat ration       |       |       |       |       |       |     2 |     1 |       |     3 ||     6
       Royal jelly       |       |       |       |       |       |       |       |       |     1 ||     1
